 Dungeon Crawl Stone Soup version 0.29-a0-333-gb4c28e87c6 (webtiles) character file.

Game seed: 11433401562444736844

162878 Essalna the Spry (level 18, 0/141 HPs)
             Began as a Djinni Conjurer on Apr 13, 2022.
             Was the Champion of Makhleb.
             Slain by an orc knight
             ... wielding a +0 bardiche
              (25 damage)
             ... on level 11 of the Dungeon.
             The game lasted 01:26:22 (28515 turns).

Essalna the Spry (Djinni Conjurer)                 Turns: 28515, Time: 01:26:23

Health: 0/141      AC:  9    Str:  6    XL:     18   Next: 14%
Gold:   1545       EV: 20    Int: 29    God:    Makhleb [******] SH:  6 Dex: 15

rFire   + + +      SeeInvis .   Y - staff of air
rCold   + . .      Faith    .   y - +1 buckler {rN+}
rNeg    + . .      Spirit   .   O - +0 troll leather armour
rPois   ∞          Reflect  .   B - +0 helmet
rElec   +          Harm     .   e - scarf {rC+ rF+}
rCorr   .          Rampage  .   o - +1 pair of gloves "Naorig" {Will- Regen+ MP+9 Int+4}
Will    .....                   (boots unavailable)
Stlth   ++........              W - amulet of regeneration
HPRegen 2.73/turn               k - ring of protection from fire
MPRegen 0.00/turn               Q - ring of protection from cold

@: flying, very slightly contaminated, unable to read
A: sickness immunity, fire resistance 2, cold vulnerability 1, float, innate
caster, HP casting, extra vitality 1, inability to read while threatened
}: 1/15 runes: barnacled
a: Renounce Religion, Minor Destruction, Lesser Servant of Makhleb, Major
Destruction, Greater Servant of Makhleb


You were on level 11 of the Dungeon.
You worshipped Makhleb.
Makhleb was exalted by your worship.
You visited 6 branches of the dungeon, and saw 27 of its levels.
You also visited: Ice Cave.

You collected 2405 gold pieces.
You spent 860 gold pieces at shops.

Inventory:

Missiles
 x - 3 throwing nets
Armour
 e - a scarf of resistance (worn)
 o - the +1 pair of gloves "Naorig" (worn) {Will- Regen+ MP+9 Int+4}
   (You acquired it on level 1 of the Shoals)

   Int:       It affects your intelligence (+4).
   MP:        It affects your magic capacity (+9).
   Regen:     It increases your rate of health regeneration.
   Will:      It decreases your willpower.
 y - a +1 buckler of positive energy (worn)
 B - a +0 helmet (worn)
 C - a +0 robe of willpower
 N - a +0 leather armour of willpower
 O - a +0 troll leather armour (worn)
 V - a +1 robe of cold resistance
 X - a +2 robe of the Archmagi
Magical Staves
 n - a staff of poison
 z - a staff of earth
 U - a staff of fire
 Y - a staff of air (weapon)
Jewellery
 a - a ring of willpower
 k - a ring of protection from fire (left hand)
 p - a ring of positive energy
 D - a +4 ring of evasion
 L - a ring of protection from cold
 P - a ring of ice
 Q - a ring of protection from cold (right hand)
 W - an amulet of regeneration (around neck)
Wands
 q - a wand of iceblast (35)
 H - a wand of mindburst (4)
 S - a wand of flame (24)
 T - a wand of acid (9)
 Z - a wand of digging (9)
Scrolls
 b - 3 scrolls of magic mapping
 c - 5 scrolls of fog
 j - 3 scrolls of enchant weapon
 l - 5 scrolls of vulnerability {unknown}
 m - a scroll of torment {unknown}
 r - 8 scrolls of teleportation
 t - 3 scrolls of blinking
 v - 3 scrolls of identify
 E - 4 scrolls of immolation
 G - 6 scrolls of amnesia
 I - 2 scrolls of fear
 J - a scroll of enchant armour
 M - a scroll of noise
 R - a scroll of summoning
Potions
 d - 5 potions of heal wounds
 f - a potion of invisibility
 g - 3 potions of might
 h - 6 potions of cancellation
 i - 3 potions of haste
 s - 5 potions of curing
 u - 6 potions of attraction
 w - 5 potions of mutation
 A - 7 potions of brilliance
 F - a potion of resistance
 K - 3 potions of ambrosia


   Skills:
 + Level 16.8 Fighting
 + Level 10.4 Armour
 + Level 17.6 Dodging
 - Level 1.5 Stealth
 - Level 4.0 Shields
 + Level 13.7 Spellcasting
 - Level 6.1 Invocations


You couldn't memorise any spells.
You knew the following spells:

 Your Spells              Type           Power      Damage    Failure   Level
a - Magic Dart            Conj           100%       1d8       1%          1
b - Searing Ray           Conj           100%       2d8       1%          2
c - Dazzling Flash        Conj/Hex       100%       N/A       1%          3
d - Fulminant Prism       Conj/Hex       39%        3d18      1%          4
e - Iskenderun's Mystic   Conj/Tloc      79%        2d16      1%          4
f - Beastly Appendage     Tmut           100%       N/A       1%          1
g - Wereblood             Tmut           79%        N/A       1%          2
h - Poisonous Vapours     Pois/Air       100%       N/A       1%          2
i - Petrify               Tmut/Erth      79%        N/A       1%          4
j - Airstrike             Air            49%        N/A       1%          4
k - Silence               Hex/Air        49%        N/A       1%          5
l - Starburst             Conj/Fire      39%        6d11      2%          6
m - Monstrous Menagerie   Summ           39%        N/A       14%         7
Your spell library was empty.

Dungeon Overview and Level Annotations

Branches:
Dungeon (12/15)            Temple (1/1) D:4            Lair (6/6) D:11
 Shoals (4/4) Lair:2        Snake (2/4) Lair:2        Slime (0/5) Lair:5
    Orc (2/2) D:11            Elf (0/3) Orc:2         IceCv (visited)

Altars:
Ashenzari
Cheibriados
Dithmenos
Elyvilon
Fedhas
Gozag
Hepliaklqana
Kikubaaqudgha
Makhleb
Nemelex Xobeh
Okawaru
Qazlal
Ru
Sif Muna
Trog
Uskayaw
Vehumet
Wu Jian
Xom
Yredelemnul
Zin
The Shining One
Beogh
Jiyva
Lugonu

Shops:
D:1 !   Orc:1 =   Orc:2 [**?   Shoals:1 [**!   Shoals:3 [   Shoals:4 **

Portals:
Abyss: Lair:6

Annotations:
D:7 1 transporter
Orc:2 1 runed translucent door, Veteran's ghost, journeyman DECj


Innate Abilities, Weirdness & Mutations

You are immune to sickness and miasma.
You are immune to poison.
Your flesh is very heat resistant. (rF++)
You are vulnerable to cold. (rC-)
You float through the air rather than walking.
You learn spells naturally, not from books.
Your magical power is your life essence.
You have superior vitality. (+4 MHP)
You sometimes lose the ability to read scrolls when taking damage.


Message History

The bolt of fire hits the boulder beetle!!!
The boulder beetle is heavily wounded.
The bolt of fire hits the freezing wraith!!!
The freezing wraith is burned terribly!
You destroy the freezing wraith!
Makhleb accepts your kill.
You feel better. The orc knight completely misses you.
Casting: Starburst (dangerous; 2% risk of failure)
Confirm with . or Enter, or press ? or * to list all spells.
Casting: Starburst (dangerous; 2% risk of failure)
Press: ? - help, Dir - look around, f - activate The bolt of fire hits the boulder beetle!!
The boulder beetle is almost dead.
The orc knight roars a battlecry!
The orc knight goes into a battle-frenzy!
The boulder beetle leaps!
The orc knight hits you from afar with a +0 bardiche!!
You feel threatened and lose the ability to read scrolls!
The orc knight misses you.
Casting: Starburst (dangerous; 2% risk of failure)
Confirm with . or Enter, or press ? or * to list all spells.
Casting: Starburst (dangerous; 2% risk of failure)
Press: ? - help, Dir - look around, f - activate The bolt of fire hits the orc knight!!
The orc knight is heavily wounded.
The orc knight hits you with a +0 battleaxe!!
The orc knight hits you from afar with a +0 bardiche!!!
* * * LOW HITPOINT WARNING * * *
Casting: Starburst (dangerous; 2% risk of failure)
Confirm with . or Enter, or press ? or * to list all spells.
Casting: Starburst (dangerous; 2% risk of failure)
Press: ? - help, Dir - look around, f - activate The bolt of fire hits the orc knight!!!
You kill the orc knight!
Makhleb accepts your kill.
You feel better.
* * * LOW HITPOINT WARNING * * *
The boulder beetle curls into a ball and begins rolling!
The orc knight hits you from afar with a +0 bardiche!!
You die...

##..#.##########
##.##..........####
##.##.######......#
#...#.............#
#.....##########..#
#.#...#>.$.$.$<#..#
#.##..#.$.$.$.$#..#
..##..#$.)B!$$o#..#
..###.#.$:))†)))@##
..###.#..$==$$.#.#
..##..#..?((!.$#.#
####..#..$.$.$.#.#
......#c..$.$.>#.#
##....##########.#
####............#
##############


You could see a boulder beetle (rolling) and an orc knight (strong).

Vanquished Creatures
  A kraken (Shoals:3)
  Polyphemus (Shoals:4)
  Ilsuiw (Shoals:4)
  Nessos (Lair:6)
  3 dire elephants (Lair:6)
  Josephine (Lair:6)
  6 merfolk javelineers
  9 merfolk impalers
  A naga warrior (Snake:1)
  Fannar (Orc:1)
  6 merfolk avatars
  A catoblepas (Shoals:4)
  3 hydras
  An anaconda (Snake:1)
  5 merfolk aquamancers
  3 nameless horrors
  2 two-headed ogres
  2 centaur warriors
  An alligator snapping turtle (Shoals:2)
  4 satyrs
  11 death yaks
  Sonja (D:10)
  3 orc high priests (Orc:2)
  A spectral death yak (Lair:6)
  A spectral anaconda (Lair:6)
  17 sea snakes
  An obsidian statue (Lair:6)
  6 orc knights
  A harpy (shapeshifter) (D:11)
  15 harpies
  3 necromancers (Lair:6)
  2 mana vipers (Snake:1)
  A lindwurm (Lair:5)
  3 salamanders (Snake:1)
  2 oklob plants
  2 cyclopes
  7 manticores
  3 ugly things
  A deep elf pyromancer (D:11)
  13 fauns
  19 elephants
  4 dire elephant zombies (Lair:6)
  4 orc sorcerers (Orc:2)
  15 merfolk sirens
  6 water nymphs
  A gargoyle (D:12)
  11 black mambas
  2 naga magi (Snake:1)
  26 cane toads
  A kobold demonologist (D:6)
  A rime drake (Lair:2)
  14 komodo dragons
  A dire elephant skeleton (Lair:6)
  A freezing wraith (D:11)
  9 trolls
  26 merfolk
  4 wind drakes
  3 polar bears
  A hornet (D:9)
  A spectral elephant (Lair:6)
  8 snapping turtles
  15 blink frogs
  A slime creature (D:12)
  14 dream sheep
  Sigmund (D:4)
  6 water elementals
  A shadow (D:9)
  A wyvern (D:8)
  5 wraiths
  74 yaks
  3 steam dragons
  5 basilisks
  2 vampire mosquitoes (D:12)
  6 nagas (Snake:1)
  A spectral cane toad (Lair:6)
  3 wargs
  2 acid dragons
  18 water moccasins
  24 orc warriors
  2 black bears
  An ice beast (D:6)
  A sky beast (D:6)
  An elephant zombie (Lair:6)
  12 wolves
  4 centaurs
  4 ogres
  An elephant skeleton (Lair:6)
  2 phantoms
  2 kobold brigands
  11 bullfrogs
  5 cane toad simulacra
  3 necrophages
  5 scorpions
  5 wights (D:8)
  6 killer bees (D:9)
  3 howler monkeys
  An electric eel (Lair:5)
  2 hounds
  5 jellies
  26 orc priests
  A gnoll shaman (D:9)
  37 orc wizards
  4 iguanas
  7 hell rats
  A wolf simulacrum (IceCv)
  14 gnolls
  9 adders
  7 river rats (Lair:3)
  3 shadow imps
  2 ufetubi
  A worm (D:4)
  A dart slug (D:5)
  84 orcs
  6 endoplasms
  5 giant cockroaches
  9 hobgoblins
  7 jackals
  4 quokkas
  7 ball pythons
  6 bats
  4 frilled lizards
  3 goblins
  6 kobolds
  3 rats
  A tentacle (Shoals:3)
821 creatures vanquished.

Vanquished Creatures (collateral kills)
  A sea snake (Shoals:2)
  A faun (Shoals:3)
  A merfolk siren (Shoals:3)
3 creatures vanquished.

Vanquished Creatures (others)
  An orc wizard (D:5)
  A bush (Lair:1)
  35 fungi
  A lurking horror (Lair:6)
  198 plants
  3 tentacles (Shoals:3)
  28 withered plants (Lair:6)
267 creatures vanquished.

Grand Total: 1091 creatures vanquished

Notes
Turn   | Place    | Note
-------+----------+-------------------------------------------
     0 | D:1      | Essalna the Djinni Conjurer began the quest for the Orb.
     0 | D:1      | Reached XP level 1. HP: 15/15 MP: 0/0
   189 | D:1      | Reached XP level 2. HP: 19/22 MP: 0/0
   257 | D:1      | Reached skill level 1 in Fighting
   557 | D:1      | Found Vuitset's Distillery.
   875 | D:2      | Reached XP level 3. HP: 25/27 MP: 0/0
   875 | D:2      | Learned a level 1 spell: Beastly Appendage
  1476 | D:2      | Reached XP level 4. HP: 28/33 MP: 0/0
  2578 | D:3      | Reached XP level 5. HP: 38/40 MP: 0/0
  2578 | D:3      | Learned a level 2 spell: Wereblood
  2987 | D:4      | Reached XP level 6. HP: 31/47 MP: 0/0
  2996 | D:5      | Entered Level 5 of the Dungeon
  3412 | D:5      | Reached XP level 7. HP: 48/53 MP: 0/0
  3412 | D:5      | Learned a level 2 spell: Poisonous Vapours
  3565 | D:4      | Reached skill level 5 in Spellcasting
  3632 | D:4      | Found a staircase to the Ecumenical Temple.
  3891 | Temple   | Entered the Ecumenical Temple
  4010 | Temple   | Became a worshipper of Makhleb the Destroyer
  4152 | D:4      | Reached skill level 5 in Fighting
  4298 | D:4      | Noticed Sigmund
  4308 | D:4      | Killed Sigmund
  4680 | D:4      | Reached XP level 8. HP: 53/60 MP: 0/0
  4887 | D:5      | Reached skill level 1 in Armour
  5149 | D:5      | Reached skill level 3 in Dodging
  5215 | D:5      | Reached * piety under Makhleb
  6038 | D:5      | Reached skill level 4 in Dodging
  6201 | D:6      | Reached XP level 9. HP: 63/67 MP: 0/0
  6201 | D:6      | Learned a level 4 spell: Petrify
  7372 | D:6      | Reached skill level 5 in Dodging
  7548 | D:6      | Noticed a kobold demonologist
  7557 | D:6      | Killed a kobold demonologist
  8229 | D:7      | Reached ** piety under Makhleb
  8495 | D:7      | Found an opulent altar of Gozag.
  8670 | D:7      | Reached XP level 10. HP: 47/75 MP: 0/0
  8807 | D:7      | Reached skill level 6 in Dodging
  8879 | D:7      | Reached skill level 5 in Armour
  9110 | D:7      | Found a sparkling altar of Nemelex Xobeh.
  9110 | D:7      | Found a transporter.
  9476 | D:8      | Noticed a two-headed ogre
  9569 | D:8      | Killed a two-headed ogre
  9570 | D:8      | Reached skill level 7 in Dodging
 10825 | D:9      | Reached skill level 8 in Dodging
 10827 | D:9      | Reached XP level 11. HP: 70/84 MP: 0/0
 10827 | D:9      | Learned a level 4 spell: Airstrike
 12149 | D:10     | Entered Level 10 of the Dungeon
 12479 | D:10     | Reached *** piety under Makhleb
 12529 | D:10     | Reached skill level 9 in Dodging
 12757 | D:10     | Reached skill level 10 in Fighting
 12758 | D:10     | Noticed Sonja
 12762 | D:10     | Killed Sonja
 12914 | D:11     | Noticed a green ugly thing
 12931 | D:12     | Found a viscous altar of Jiyva.
 13408 | D:12     | Identified the +0 robe "Yrecehy" {Dex+2}
 13598 | D:12     | Noticed a green ugly thing
 13613 | D:12     | Reached skill level 10 in Dodging
 13622 | D:12     | Reached XP level 12. HP: 50/93 MP: 0/0
 13624 | D:12     | Reached **** piety under Makhleb
 14387 | D:11     | Found a staircase to the Orcish Mines.
 15055 | D:11     | Found a staircase to the Lair.
 15101 | D:11     | Noticed a boulder beetle
 15101 | D:11     | Noticed a two-headed ogre
 15104 | D:11     | Noticed a centaur warrior
 15254 | D:11     | Reached skill level 11 in Dodging
 15324 | Orc:1    | Entered Level 1 of the Orcish Mines
 15446 | Orc:2    | Entered Level 2 of the Orcish Mines
 15564 | Orc:1    | Noticed Fannar
 15564 | Orc:1    | Found Zutziopt's Jewellery Shoppe.
 15583 | Orc:1    | Killed Fannar
 15676 | Orc:1    | Bought an amulet of regeneration for 510 gold pieces
 15809 | Orc:2    | Found a runed translucent door.
 15812 | Orc:2    | Found a shimmering altar of Xom.
 15812 | Orc:2    | Noticed Veteran's ghost (journeyman DECj)
 15818 | Orc:2    | Noticed a +0 quarterstaff of chaos
 15826 | Orc:2    | Found a staircase to the Elven Halls.
 15889 | Orc:2    | Reached ***** piety under Makhleb
 16116 | Orc:2    | Noticed an orc high priest
 16117 | Orc:2    | Noticed an orc high priest
 16201 | Orc:2    | Reached XP level 13. HP: 61/100 MP: 0/0
 16201 | Orc:2    | Learned a level 5 spell: Silence
 16392 | Orc:2    | Reached skill level 10 in Spellcasting
 16594 | Orc:2    | Reached skill level 12 in Dodging
 16718 | Orc:2    | Found Uter's Armour Shoppe.
 16718 | Orc:2    | Found Puorexiosu's Assorted Antiques.
 16720 | Orc:2    | Found Ridirch's General Store.
 16720 | Orc:2    | Found Edothost's Magic Scroll Boutique.
 16735 | Orc:2    | Bought a staff of air for 350 gold pieces
 17237 | Lair:1   | Entered Level 1 of the Lair of Beasts
 17266 | Lair:1   | Noticed an eight-headed hydra
 17275 | Lair:1   | Killed an eight-headed hydra
 17320 | Lair:1   | Reached skill level 13 in Dodging
 17408 | Lair:1   | Noticed a six-headed hydra
 17413 | Lair:1   | Killed a six-headed hydra
 17658 | Lair:1   | Reached ****** piety under Makhleb
 18104 | Lair:2   | Reached XP level 14. HP: 109/110 MP: 0/0
 18173 | Lair:2   | Found a staircase to the Snake Pit.
 18457 | Lair:2   | Found a staircase to the Shoals.
 18821 | Lair:2   | Reached skill level 14 in Dodging
 19865 | Lair:4   | Identified the +9 long sword of Demand {vamp, rF+}
 20331 | Lair:4   | Found a broken altar of Ashenzari.
 20536 | Lair:5   | Found a frozen archway.
 20552 | IceCv    | Entered an ice cave
 20563 | IceCv    | Found a transporter.
 20573 | IceCv    | Found a transporter.
 20734 | Lair:5   | Reached XP level 15. HP: 77/118 MP: 0/0
 20734 | Lair:5   | Learned a level 6 spell: Starburst
 20784 | Lair:5   | Reached skill level 15 in Dodging
 21027 | Lair:5   | Found a viscous altar of Jiyva.
 21028 | Lair:5   | Found a staircase to the Slime Pits.
 21496 | Lair:6   | Entered Level 6 of the Lair of Beasts
 21632 | Lair:6   | Reached skill level 1 in Invocations
 21734 | Lair:6   | Noticed Nessos
 21740 | Lair:6   | Killed Nessos
 21751 | Lair:6   | Reached skill level 15 in Fighting
 21756 | Lair:6   | Noticed Josephine
 21786 | Lair:6   | Killed Josephine
 21996 | Lair:6   | Found a one-way gate to the infinite horrors of the Abyss.
 21996 | Lair:6   | Found a corrupted altar of Lugonu.
 22734 | Lair:6   | Reached XP level 16. HP: 126/126 MP: 0/0
 22999 | Snake:1  | Entered Level 1 of the Snake Pit
 23372 | Snake:1  | Reached skill level 16 in Dodging
 23926 | Shoals:1 | Entered Level 1 of the Shoals
 23985 | Shoals:1 | Found Rujurgh's Distillery.
 24081 | Shoals:1 | Found Bunejuc's Armour Shoppe.
 24115 | Shoals:1 | Reached skill level 5 in Invocations
 24131 | Shoals:1 | Found Jeczic's Assorted Antiques.
 24160 | Shoals:1 | Identified a scroll of acquirement
 24178 | Shoals:1 | Acquired the +1 pair of gloves "Naorig" {Will- Regen+ MP+9
                  | Int+4}
 24247 | Shoals:1 | Found Dafexy's General Store.
 25417 | Shoals:2 | Reached skill level 1 in Shields
 25661 | Shoals:2 | Reached XP level 17. HP: 133/133 MP: 0/0
 25661 | Shoals:2 | Learned a level 7 spell: Monstrous Menagerie
 25859 | Shoals:3 | Gained mutation: You sometimes lose the ability to read
                  | scrolls when taking damage. [mutagenic glow]
 25886 | Shoals:3 | Found Ucewkiag's Antique Armour Boutique.
 26367 | Shoals:3 | Noticed a kraken
 26372 | Shoals:3 | Killed a kraken
 26634 | Shoals:4 | Entered Level 4 of the Shoals
 26903 | Shoals:4 | Reached skill level 17 in Dodging
 27405 | Shoals:4 | Noticed Ilsuiw
 27421 | Shoals:4 | Killed Ilsuiw
 27500 | Shoals:4 | Noticed Polyphemus
 27508 | Shoals:4 | Killed Polyphemus
 27509 | Shoals:4 | Reached skill level 10 in Armour
 27700 | Shoals:4 | Reached XP level 18. HP: 134/141 MP: 0/0
 27816 | Shoals:4 | Got a barnacled rune of Zot
 27862 | Shoals:4 | Found Godder's General Store.
 27866 | Shoals:4 | Found Tuciw's Specific Store.
 28515 | D:11     | Slain by an orc knight

Illustrated notes

Levels and vault maps discovered:
D:1:      noname_arrival_rooms_in_the_neighbourhood, layout_basic, serial_shops,
          nicolae_diamond_shop
D:2:      layout_loops_ring
D:3:      layout_basic, minmay_door_square
D:4:      layout_cave_pools, minmay_temple_entry_statues, chequers_garden,
          minmay_misc_feat_roman, uniq_sigmund
D:5:      layout_loops_ring
D:6:      layout_loops_ring
D:7:      layout_basic, grunt_nemelex_the_gamble,
          nicolae_gozag_cash_rules_everything_around_me,
          kennysheep_generic_room_6
D:8:      layout_loops_cross
D:9:      layout_basic, kennysheep_generic_room_16
D:10:     layout_basic, grunt_ministairs_15, uniq_sonja
D:11:     layout_rooms, dpeg_oklobed_lair, david_orc_4, minivault_12
D:12:     layout_basic, jiyva_altar_1
Temple:   regret_index_temple_chain_breaker
Lair:1:   layout_hall_layers, chequers_serial_rivers_small_b, minivault_11,
          minmay_lair_oklob_bushes, beast_lair_carwin_7
Lair:2:   layout_gridlike, minmay_shoals_entry_centaurs,
          minmay_snake_entry_six_corridors, beast_lair_carwin_11,
          infiniplex_staircase_pool
Lair:3:   layout_loops_ring, kennysheep_rathole, lemuel_fruit_tree,
          grunt_megastairs_5, lemuel_fruit_fields
Lair:4:   layout_roguey, basic_altar, serial_bayou_shore_b, grunt_megastairs_2
Lair:5:   beast_lair_carwin_large_4, layout_regular_city, slime_altar_1,
          portal_ice_cave_entry_pillars_1, serial_bayou_ford_a, st_stairs_8
Lair:6:   due_jungle_book, layout_small_grid, dreamdust_mushroom_princess,
          amcnicky_altar_lugonu_corruption, uniq_josephine, uniq_nessos
Shoals:1: layout_shoals, serial_shops, nicolae_shop_advertising_works
          [nicolae_subvault_shop_adworks], shop, nicolae_diamond_shop, shop
Shoals:2: cheibrodos_shoals_epimethial_gifts, layout_shoals
Shoals:3: layout_shoals, serial_shops, nicolae_stop_n_shop_1
Shoals:4: shoals_end_grunt_garden, layout_shoals, shoals_ilsuiw_alternative,
          nicolae_specific_store, uniq_polyphemus
Snake:1:  layout_cave_pods
Snake:2:  nicolae_sea_snake_s, layout_basic, ebering_ghost_disaster_area,
          hangedman_snake_thin_pillar_pass
Orc:1:    layout_diamond_mine, serial_shops, shop_fountains, uniq_fannar
Orc:2:    grunt_orc_tribal_feast, layout_caves, basic_altar, ebering_ghost_xom

Skill      XL: |  1  2  3  4  5  6  7  8  9 10 11 12 13 14 15 16 17 |
---------------+----------------------------------------------------+-----
Fighting       | 1 2 3 4 5 6 7 9 10 11 13 14 15 16 | 16.8
Spellcasting   | 4 5 6 7 9 11 12 13 | 13.7
Armour         | 3 4 5 7 8 10 | 10.4
Dodging        | 4 5 8 10 11 13 14 15 16 17 | 17.6
Invocations    | 4 6 |  6.1
Shields        | 1 4 |  4.0
Stealth        | |  1.5

Action                   |  1- 3 |  4- 6 |  7- 9 | 10-12 | 13-15 | 16-18 || total
-------------------------+-------+-------+-------+-------+-------+-------++-------
Melee: Staff             |       |       |     6 |     9 |     6 |       ||    21
       Punch             |       |       |     1 |       |       |       ||     1
 Cast: Magic Dart        |    55 |    69 |    63 |    39 |       |       ||   226
       Searing Ray       |     1 |     8 |    22 |    21 |     3 |       ||    55
       Iskenderun's Myst |       |       |    18 |    68 |    86 |     5 ||   177
       Poisonous Vapours |       |       |   115 |    53 |       |     1 ||   169
       Airstrike         |       |       |       |   204 |   491 |   585 ||  1280
       Petrify           |       |       |       |     2 |       |       ||     2
       Starburst         |       |       |       |       |    79 |    55 ||   134
       Silence           |       |       |       |       |     1 |     2 ||     3
       Monstrous Menager |       |       |       |       |       |     7 ||     7
Evoke: Wand              |       |       |       |       |       |     1 ||     1
  Use: Scroll            |       |       |       |     8 |    16 |     9 ||    33
       Potion            |       |       |       |       |     1 |     2 ||     3
 Stab: Petrified         |       |       |       |     5 |       |       ||     5
Armor: Robe              |       |     7 |     5 |     6 |     4 |       ||    22
       Steam dragon scal |       |       |     9 |       |       |       ||     9
       Leather armour    |       |       |       |     5 |       |       ||     5
       Troll leather arm |       |       |       |     4 |    32 |    36 ||    72
Dodge: Dodged            |       |    20 |    32 |    72 |   117 |   155 ||   396
Block: Other             |       |       |       |     5 |       |       ||     5
       Buckler           |       |       |       |       |       |    27 ||    27

Table legend: (Time is in decaauts)
 A = Elapsed time spent in this place.
 B = Non-inter-level travel time spent in this place.
 C = Inter-level travel time spent in this place.
 D = Time resting spent in this place.
 E = Time spent auto-exploring this place.
 F = Levels seen in this place.
 G = Mean time per level.
                   A        B        C        D        E       F      G
               +--------+--------+--------+--------+--------+-----+--------+
         Total |  28545 |  26871 |   1674 |    761 |  21448 |  28 | 1019.5 |
       Dungeon |  15294 |  14727 |    567 |    534 |  12494 |  12 | 1274.5 |
        Temple |    134 |    120 |     14 |      0 |     94 |   1 |  134.0 |
          Lair |   5996 |   5343 |    653 |     15 |   4237 |   6 |  999.3 |
        Shoals |   4329 |   4089 |    240 |    212 |   2706 |   4 | 1082.2 |
     Snake Pit |    878 |    833 |     45 |      0 |    720 |   2 |  439.0 |
  Orcish Mines |   1874 |   1720 |    154 |      0 |   1191 |   2 |  937.0 |
      Ice Cave |     37 |     37 |      0 |      0 |      6 |   1 |   37.0 |
               +--------+--------+--------+--------+--------+-----+--------+

Top non-repeatable levels by time:
     D:5: 1796 daAuts
     D:7: 1670 daAuts
     D:9: 1642 daAuts
     D:6: 1599 daAuts
  Lair:6: 1379 daAuts
Shoals:4: 1295 daAuts
     D:4: 1294 daAuts
   Orc:2: 1252 daAuts
     D:8: 1184 daAuts
    D:12: 1128 daAuts
     D:3: 1118 daAuts
  Lair:2: 1083 daAuts
Shoals:3: 1081 daAuts
     D:2: 1073 daAuts
    D:10: 1057 daAuts
